[Event "Titled Tuesday Blitz April 05 Late 2022"]
[White "Vovk, Orest"]
[Black "Weetik, Vjacheslav"]
[WhiteFideId "14113490"]
[BlackFideId "4153472"]
[WhiteElo "2515"]
[BlackElo "2604"]
[Result "0-1"]
[Round "10"]
[TimeControl "180+1"]
[Date "2022.04.06"]
[WhiteClock "0:00:01"]
[BlackClock "0:00:04"]

1. h4 e5 2. h5 d5 3. h6 Nxh6 4. d4 Nc6 5. Bxh6 gxh6 6. dxe5 Nxe5 7. Nf3 Nxf3+ 8. gxf3 Qf6 9. Nc3 Bb4 10. Qd3 c6 11. O-O-O Be6 12. Bh3 O-O-O 13. Bxe6+ fxe6 14. a3 Bc5 15. Qd2 Bf8 16. Qd4 Qxd4 17. Rxd4 Rg8 18. Rg4 Rg6 19. Nd1 Be7 20. Ne3 Rdg8 21. Rxh6 Rxg4 22. fxg4 Bg5 23. Rxh7 d4 24. Kd2 Rd8 25. Rh5 dxe3+ 26. Ke1 Bf4 27. fxe3 Bxe3 28. Re5 Bd4 29. Rxe6 Bxb2 30. a4 Rd4 31. e4 Rxa4 32. Re7 Kd8 33. Rxb7 Rxe4+ 34. Kf1 Bd4 35. Rb4 c5 36. Ra4 Rf4+ 37. Ke2 Be5 38. Rxa7 Rxg4 39. Kd3 Rd4+ 40. Ke3 Bf4+ 41. Kf3 Bc7 42. Rb7 Rc4 43. Rb5 Rxc2 44. Ke4 Kd7 45. Kd5 c4 46. Rc5 c3 47. Rc4 Rc1 48. Kd4 Ba5 49. Kd3 Rd1+ 50. Kc2 Rd2+ 51. Kb3 Kd6 52. Rc8 Kd5 0-1


[Site "https://www.chess.com"]

[Event "Titled Tuesday Blitz April 05 Late 2022"]
[White "Vusatiuk, Vladimir"]
[Black "Szente Varga, Fruzsina"]
[WhiteFideId "14118610"]
[BlackFideId "712264"]
[WhiteElo "2570"]
[BlackElo "2227"]
[Result "1-0"]
[Round "10"]
[TimeControl "180+1"]
[Date "2022.04.06"]
[WhiteClock "0:00:10"]
[BlackClock "0:00:09"]

1. d4 Nf6 2. c4 g6 3. Nc3 Bg7 4. e4 d6 5. Nf3 O-O 6. Be2 e5 7. O-O Nc6 8. d5 Ne7 9. Ne1 Nd7 10. Nd3 f5 11. f3 f4 12. b4 g5 13. Bd2 Rf7 14. Be1 h5 15. Kh1 Bf8 16. Rg1 Nf6 17. c5 g4 18. g3 fxg3 19. Bxg3 Ng6 20. cxd6 cxd6 21. f4 h4 22. f5 hxg3 23. fxg6 Rg7 24. Rxg3 Rxg6 25. Nf2 Nh5 26. Rg1 Qh4 27. Nxg4 Bd7 28. Nh6+ Bxh6 29. Rxg6+ Kh7 30. Bxh5 Bf4 31. Qe2 Rc8 32. Rag1 Bh6 33. Qg2 Qe7 34. Rxh6+ Kxh6 35. Qg6# 1-0


[Site "https://www.chess.com"]

[Event "Titled Tuesday Blitz April 05 Late 2022"]
[White "Yuan, Qingyu"]
[Black "Pinheiro, Iung Alicio de O."]
[WhiteFideId "8609772"]
[BlackFideId "2104350"]
[WhiteElo "2359"]
[BlackElo "2575"]
[Result "1-0"]
[Round "10"]
[TimeControl "180+1"]
[Date "2022.04.05"]
[WhiteClock "0:00:22"]
[BlackClock "0:00:08"]

1. e4 c5 2. Nf3 Nc6 3. Bc4 e6 4. O-O a6 5. Re1 b5 6. Bf1 Bb7 7. b3 Nf6 8. Bb2 Be7 9. e5 Nd5 10. c4 bxc4 11. bxc4 Nf4 12. Nc3 O-O 13. Ne4 Rb8 14. Rb1 Qc7 15. Bc3 Ng6 16. Ng3 Ba8 17. Nh5 Rfd8 18. Qa4 Rb6 19. Rxb6 Qxb6 20. Bd3 Nb4 21. Be2 Qc6 22. Qb3 Qe4 23. a3 Nc6 24. Ng3 Qf4 25. Qa4 Ncxe5 26. Nxe5 Nxe5 27. Qxa6 Bc6 28. h3 Bh4 29. Bf1 Nf3+ 30. gxf3 Qxf3 31. Re3 Qf4 32. Bg2 Bxg2 33. Kxg2 Be7 34. Qb7 h5 35. Qe4 Qh6 36. Qe5 Bf8 37. Qxh5 Qf4 38. Qg4 Qh6 39. Rf3 d5 40. cxd5 exd5 41. Be5 d4 42. Nf5 Qg6 43. Qxg6 fxg6 44. Ng3 c4 45. Ne4 Be7 46. a4 Rd5 47. Bc7 Bb4 48. a5 Bxa5 49. Bxa5 Rxa5 50. Rf4 Ra2 51. Kf3 d3 52. Ke3 Rc2 53. Nc3 Ra2 54. Rxc4 Ra3 55. Kxd3 Ra8 56. Rg4 Rd8+ 57. Ke2 Kf7 58. Ne4 Re8 59. d3 Kg8 60. Ke3 Ra8 61. Rxg6 Ra1 62. Rg3 Kf7 63. Rf3+ Kg8 64. Rg3 Re1+ 65. Kf3 Ra1 66. Kg2 Rd1 67. h4 Ra1 68. Ng5 Ra3 69. Ne6 Ra8 70. Nxg7 Kh8 71. Nf5 Rd8 72. d4 Rf8 73. Rg5 Rf6 74. Kg3 Rf8 75. Kg4 Rf6 76. d5 Rf8 77. d6 Rf7 78. f4 Rd7 79. h5 Rf7 80. Rg6 Rf8 81. Kg5 Rf7 82. Re6 Kh7 83. Re7 Kg8 84. Nh6+ Kh8 85. Nxf7+ Kg8 86. Ne5 Kf8 87. h6 Kg8 88. Kf6 Kh8 89. Kg6 Kg8 90. Re8# 1-0


[Site "https://www.chess.com"]

[Event "Titled Tuesday Blitz April 05 Late 2022"]
[White "Yurtseven, Melih"]
[Black "Foisor, Sabina-Francesca"]
[WhiteFideId "6312160"]
[BlackFideId "1212915"]
[WhiteElo "2485"]
[BlackElo "2367"]
[Result "1/2-1/2"]
[Round "10"]
[TimeControl "180+1"]
[Date "2022.04.06"]
[WhiteClock "0:00:47"]
[BlackClock "0:00:12"]

1. e4 c6 2. Nc3 g6 3. h4 h5 4. d3 Bg7 5. Bg5 d5 6. Qd2 dxe4 7. dxe4 Qxd2+ 8. Bxd2 Nf6 9. f3 O-O 10. O-O-O b5 11. Nce2 c5 12. Be3 c4 13. Nd4 a6 14. Nh3 Bb7 15. Ng5 Nc6 16. Nxc6 Bxc6 17. Bc5 Rfe8 18. b3 cxb3 19. axb3 Nd7 20. Bd4 e5 21. Bb2 f6 22. Nh3 Kf7 23. Nf2 Bh6+ 24. Kb1 Be3 25. Nd3 a5 26. Re1 Bb6 27. g4 hxg4 28. fxg4 a4 29. Nb4 Bb7 30. Bxb5 Red8 31. Bxa4 Nc5 32. Bc6 Bxc6 33. Nxc6 Rd6 34. Nb4 Ba5 35. Bc3 Rb8 36. Na2 Bxc3 37. Nxc3 Rd2 38. Rd1 Rg2 39. Rhg1 Rh2 40. Nd5 Nxb3 41. cxb3 Rxb3+ 42. Kc1 Ra3 43. Kb1 Rb3+ 44. Kc1 Ra3 45. Kb1 Rb3+ 1/2-1/2


[Site "https://www.chess.com"]

[Event "Titled Tuesday Blitz April 05 Late 2022"]
[White "Zherebtsova, Alexandra"]
[Black "Swicarz, Maciej"]
[WhiteFideId "24129518"]
[BlackFideId "1113585"]
[WhiteElo "2405"]
[BlackElo "2511"]
[Result "1-0"]
[Round "10"]
[TimeControl "180+1"]
[Date "2022.04.06"]
[WhiteClock "0:00:08"]
[BlackClock "0:00:08"]

1. d4 f5 2. g3 Nf6 3. Bg2 d6 4. Nf3 g6 5. O-O Bg7 6. b3 O-O 7. Bb2 Ne4 8. Nfd2 c5 9. Nxe4 fxe4 10. Bxe4 Nc6 11. e3 Bh3 12. Bg2 Bxg2 13. Kxg2 cxd4 14. exd4 Qa5 15. c3 e5 16. d5 Ne7 17. c4 Nf5 18. Na3 Rf7 19. Nc2 Raf8 20. Qe2 Bh6 21. a3 a6 22. b4 Qc7 23. Ne3 Bxe3 24. fxe3 b5 25. cxb5 axb5 26. e4 Ne3+ 27. Qxe3 Qc2+ 28. Kg1 Qxb2 29. Rab1 Rxf1+ 30. Rxf1 Rxf1+ 31. Kxf1 Qxh2 32. Qd3 Kg7 33. Qf3 h5 34. Qc3 Qh1+ 35. Kf2 Qxe4 36. Qc7+ Kh6 37. Qxd6 Qd4+ 38. Kg2 Qd2+ 39. Kh3 Qe1 40. Qf8+ Kg5 41. Qe7+ Kf5 42. Qe6+ Ke4 43. Kh4 g5+ 44. Kxg5 Qxg3+ 45. Kxh5 Kf4 46. Qf6+ Ke4 47. Qe6 Kd4 48. d6 Qh2+ 49. Kg6 Qg3+ 50. Kf7 Qf3+ 51. Ke7 Qb7+ 52. d7 e4 53. Qd6+ Kc3 54. Qc5+ Kd3 55. Qc8 Qa7 56. Ke8 Qxa3 57. d8=Q+ Ke3 58. Qc5+ Ke2 59. Qdd4 Qa8+ 60. Ke7 Qb7+ 61. Ke6 Kf3 62. Qe3+ Kg4 63. Qcg5# 1-0


[Site "https://www.chess.com"]

[Event "Titled Tuesday Blitz April 05 Late 2022"]
[White "Zhigalko, Sergei"]
[Black "Melkumyan, Hrant"]
[WhiteFideId "13502956"]
[BlackFideId "13302485"]
[WhiteElo "2662"]
[BlackElo "2604"]
[Result "1-0"]
[Round "10"]
[TimeControl "180+1"]
[Date "2022.04.05"]
[WhiteClock "0:00:03"]
[BlackClock "0:00:01"]

1. e4 e6 2. d4 d5 3. e5 c6 4. c3 c5 5. Nf3 Nc6 6. Bd3 Bd7 7. O-O Rc8 8. dxc5 Bxc5 9. Nbd2 Nge7 10. Nb3 Bb6 11. Re1 Ng6 12. Bg5 f6 13. exf6 gxf6 14. Bh6 Kf7 15. c4 Nce7 16. Rc1 dxc4 17. Rxc4 Rxc4 18. Bxc4 Nf5 19. Bd2 Re8 20. Bc3 Bc6 21. Qxd8 Bxd8 22. Nc5 Nf8 23. Ne4 Bxe4 24. Rxe4 Nd6 25. Rd4 Nxc4 26. Rxc4 e5 27. Kf1 Ne6 28. Rh4 Rh8 29. g3 Be7 30. Ke2 b5 31. Bd2 a6 32. Be3 Ng7 33. Re4 Rc8 34. Kd1 Nf5 35. Bd2 Nd6 36. Rh4 Kg8 37. Rg4+ Kh8 38. Bc3 Nc4 39. Nd2 Nb6 40. f4 Na4 41. fxe5 Nxc3+ 42. bxc3 f5 43. Rf4 Rxc3 44. Rxf5 Kg8 45. Ne4 Ra3 46. Rf2 Re3 47. Re2 Ra3 48. Rf2 Re3 49. Nf6+ Bxf6 50. Rxf6 a5 51. Rf5 a4 52. Kd2 Ra3 53. e6 Rxa2+ 54. Kd3 Ra3+ 55. Kd4 Ra1 56. e7 1-0


[Site "https://www.chess.com"]

[Event "Titled Tuesday Blitz April 05 Late 2022"]
[White "Abdyzhapar, Asylbek"]
[Black "Mickiewicz, Piotr"]
[WhiteFideId "13800337"]
[BlackFideId "1114891"]
[WhiteElo "2331"]
[BlackElo "2266"]
[Result "0-1"]
[Round "11"]
[TimeControl "180+1"]
[Date "2022.04.05"]
[WhiteClock "0:01:12"]
[BlackClock "0:00:20"]

1. c4 Nf6 2. g3 g6 3. Bg2 Bg7 4. b3 O-O 5. Bb2 d6 6. Nf3 c5 7. O-O Nc6 8. e3 Bf5 9. d3 a6 10. Nc3 Rb8 11. a4 Na5 12. Re1 Qb6 13. e4 Bg4 14. Ra3 Nc6 15. h3 Bxf3 16. Bxf3 e6 17. Bg2 Nd7 18. Qa1 Nd4 19. a5 Qc7 20. Qd1 Ne5 21. f4 Nec6 22. Kh1 Nxa5 23. e5 dxe5 24. fxe5 Nac6 25. Ne4 Qxe5 26. g4 f5 27. gxf5 gxf5 28. Ng5 Qf6 29. Nxe6 Kh8 30. Nxg7 Qxg7 31. b4 f4 32. Qg4 Qf6 33. Bd5 Rg8 34. Bxg8 Rxg8 35. Qh5 f3 36. Raa1 f2 37. Rf1 Ne5 38. bxc5 Qc6+ 39. Kh2 Qg2# 0-1


[Site "https://www.chess.com"]

[Event "Titled Tuesday Blitz April 05 Late 2022"]
[White "Andrews, Todd"]
[Black "Buchenau, Frank"]
[WhiteFideId "2012456"]
[BlackFideId "4604350"]
[WhiteElo "2321"]
[BlackElo "2461"]
[Result "1-0"]
[Round "11"]
[TimeControl "180+1"]
[Date "2022.04.06"]
[WhiteClock "0:00:35"]
[BlackClock "0:00:11"]

1. e4 e6 2. d4 d5 3. exd5 exd5 4. c4 Nf6 5. Nc3 Be7 6. Nf3 O-O 7. Bd3 dxc4 8. Bxc4 c6 9. O-O Nbd7 10. h3 Nb6 11. Bd3 Be6 12. Re1 Nbd5 13. Bg5 Qa5 14. Bd2 Qc7 15. Ng5 Bc8 16. Nxd5 cxd5 17. Rc1 Qd8 18. Bf4 h6 19. Nf3 Be6 20. Rc7 Bd6 21. Bxd6 Qxd6 22. Rxb7 Rfb8 23. Rxb8+ Rxb8 24. b3 Qa3 25. Bb1 a5 26. Qc1 Qb4 27. Qc5 Qxc5 28. dxc5 Rc8 29. Rc1 Nd7 30. c6 Nb8 31. Nd4 Bd7 32. Bf5 Bxf5 33. Nxf5 Kf8 34. Nd4 Ke7 35. Kf1 g6 36. Rc5 Kd6 37. Rxa5 Ke5 38. Nf3+ Kd6 39. Ra7 Rxc6 40. Rxf7 Rc1+ 41. Ke2 Rc2+ 42. Ke3 Nc6 43. Rf6+ Kc5 44. Rxc6+ Kxc6 45. Nd4+ 1-0


[Site "https://www.chess.com"]

[Event "Titled Tuesday Blitz April 05 Late 2022"]
[White "Arnold, Ken"]
[Black "Ronka, Erik"]
[WhiteFideId "2056836"]
[BlackFideId "505080"]
[WhiteElo "2263"]
[BlackElo "2528"]
[Result "1-0"]
[Round "11"]
[TimeControl "180+1"]
[Date "2022.04.06"]
[WhiteClock "0:00:39"]
[BlackClock "0:00:32"]

1. d4 d5 2. Nf3 Nf6 3. c3 c6 4. Bf4 Bf5 5. e3 Nbd7 6. Bd3 Bxd3 7. Qxd3 e6 8. O-O Be7 9. Nbd2 O-O 10. e4 dxe4 11. Nxe4 Nxe4 12. Qxe4 Nf6 13. Qe2 c5 14. Rfd1 cxd4 15. Nxd4 Qb6 16. Be3 Qc7 17. h3 a6 18. Rd2 b5 19. Rad1 h6 20. Qf3 Rac8 21. a3 Nd5 22. g3 Nxe3 23. Qxe3 Bg5 24. f4 Bf6 25. Kg2 Rfe8 26. Nf3 a5 27. Qe4 Rb8 28. Rd7 Qc5 29. Ne5 Rf8 30. Qc6 Qe3 31. Qf3 Qb6 32. R7d6 Qc7 33. Nd7 Be7 34. Rc6 Qa7 35. Nxf8 Rxf8 36. f5 exf5 37. Qxf5 b4 38. axb4 axb4 39. Rd7 Qa8 40. Qd5 Bf6 41. Rxf6 gxf6 42. Qxa8 Rxa8 43. cxb4 Ra2 44. Rd2 Ra4 45. Rd4 Ra2 46. Kf3 Rxb2 47. Ke4 Rb3 48. Kf4 Kg7 49. h4 Kg6 50. g4 h5 51. gxh5+ Kxh5 52. Kf5 Rf3+ 53. Rf4 Rd3 54. Kxf6 Rd7 55. b5 Rb7 56. Rb4 Kh6 57. b6 Kh7 58. Rb5 Kh6 59. h5 Kh7 60. Ke5 Kh6 61. Kd6 f5 62. Kc6 Rb8 63. Rxf5 1-0


[Site "https://www.chess.com"]

[Event "Titled Tuesday Blitz April 05 Late 2022"]
[White "Bachmann, Axel"]
[Black "Golubev, Mikhail"]
[WhiteFideId "3700488"]
[BlackFideId "14100983"]
[WhiteElo "2511"]
[BlackElo "2417"]
[Result "0-1"]
[Round "11"]
[TimeControl "180+1"]
[Date "2022.04.06"]
[WhiteClock "0:00:08"]
[BlackClock "0:00:57"]

1. d4 Nf6 2. g3 c5 3. d5 e6 4. c4 exd5 5. cxd5 d6 6. Nc3 g6 7. Nf3 Bg7 8. Bg2 O-O 9. O-O Re8 10. Re1 a6 11. a4 Nbd7 12. Bf4 Nh5 13. Bg5 Qb6 14. Qc1 Ne5 15. Nxe5 Bxe5 16. a5 Qc7 17. Ra3 Bd7 18. h3 Bg7 19. Bh6 Bh8 20. g4 Nf6 21. e4 b5 22. axb6 Qxb6 23. Bf4 Reb8 24. e5 dxe5 25. Bxe5 Re8 26. Na4 Bxa4 27. Rxa4 Rad8 28. d6 c4 29. Rxc4 Nxg4 30. Bxh8 Qxf2+ 31. Kh1 Rxe1+ 32. Qxe1 Qxe1+ 33. Bf1 Qxf1# 0-1


[Site "https://www.chess.com"]

[Event "Titled Tuesday Blitz April 05 Late 2022"]
[White "Burke, Paul"]
[Black "Baker, Chris W"]
[WhiteFideId "2605767"]
[BlackFideId "401676"]
[WhiteElo "1892"]
[BlackElo "2141"]
[Result "0-1"]
[Round "11"]
[TimeControl "180+1"]
[Date "2022.04.06"]
[WhiteClock "0:00:27"]
[BlackClock "0:00:09"]

1. e4 e5 2. Nf3 Nc6 3. Bc4 Bc5 4. b4 Bxb4 5. c3 Ba5 6. d4 d6 7. d5 Nce7 8. Qa4+ c6 9. dxc6 bxc6 10. Bg5 h6 11. Bh4 g5 12. Bg3 Nf6 13. O-O Nxe4 14. Bxf7+ Kxf7 15. Qxe4 Bf5 16. Qe2 Rf8 17. Na3 Ng6 18. Rac1 Bb6 19. Nc4 Bc5 20. Rfd1 Qf6 21. Na5 Rac8 22. Qa6 d5 23. Re1 Rfe8 24. Nb3 Bd6 25. Qxa7+ Rc7 26. Qa4 h5 27. h3 g4 28. hxg4 hxg4 29. Nh2 Nf4 30. Bxf4 exf4 31. Nd4 Rxe1+ 32. Rxe1 Be5 33. Qa5 Re7 34. Qc5 Bd6 35. Rxe7+ Qxe7 36. Qxc6 Qe1+ 37. Nf1 Bd3 38. Qxd5+ Ke8 39. Qe6+ Qxe6 40. Nxe6 Bc4 41. Nh2 Bxe6 0-1


[Site "https://www.chess.com"]

[Event "Titled Tuesday Blitz April 05 Late 2022"]
[White "Chernobay, Artem"]
[Black "Mekhitarian, Krikor Sevag"]
[WhiteFideId "4167406"]
[BlackFideId "2107660"]
[WhiteElo "2473"]
[BlackElo "2598"]
[Result "0-1"]
[Round "11"]
[TimeControl "180+1"]
[Date "2022.04.05"]
[WhiteClock "0:00:01"]
[BlackClock "0:00:35"]

1. e4 c5 2. Nf3 g6 3. d4 cxd4 4. Nxd4 Nc6 5. c4 Nf6 6. Nc3 d6 7. Be2 Nxd4 8. Qxd4 Bg7 9. Be3 O-O 10. Qd2 a5 11. O-O a4 12. f3 Be6 13. Nd5 a3 14. b3 Nxd5 15. exd5 Bxa1 16. Rxa1 Bd7 17. Qd4 f6 18. Bd3 Bf5 19. Bxf5 gxf5 20. Re1 Rf7 21. Bh6 Qd7 22. Re6 b5 23. h3 bxc4 24. bxc4 Rc8 25. Kh2 Qc7 26. Qe3 Qc5 27. Rxe7 Qxe3 28. Rxe3 Rd7 29. Rxa3 Rxc4 30. Kg3 Kf7 31. h4 Rc5 32. Ra8 Rxd5 33. h5 Ke6 34. a4 f4+ 35. Kg4 Rd2 36. Kxf4 Rxg2 37. a5 Ra2 38. a6 Ra4+ 39. Kg3 d5 0-1


[Site "https://www.chess.com"]

[Event "Titled Tuesday Blitz April 05 Late 2022"]
[White "Chernomordik, Pavel"]
[Black "Szente Varga, Fruzsina"]
[WhiteFideId "2804530"]
[BlackFideId "712264"]
[WhiteElo "2455"]
[BlackElo "2225"]
[Result "1-0"]
[Round "11"]
[TimeControl "180+1"]
[Date "2022.04.06"]
[WhiteClock "0:02:14"]
[BlackClock "0:02:29"]

1. e4 e5 2. Nf3 Nc6 3. Bb5 a6 4. Ba4 Nf6 5. Qe2 b5 6. Bb3 Be7 7. a4 b4 8. d4 Nxd4 9. Nxd4 exd4 10. e5 Ng8 11. Qf3 d5 12. Bxd5 1-0


[Site "https://www.chess.com"]

[Event "Titled Tuesday Blitz April 05 Late 2022"]
[White "Chiku-Ratte, Olivier-Kenta"]
[Black "Gomez Dieguez, David"]
[WhiteFideId "2614782"]
[BlackFideId "22223630"]
[WhiteElo "2324"]
[BlackElo "2115"]
[Result "1-0"]
[Round "11"]
[TimeControl "180+1"]
[Date "2022.04.06"]
[WhiteClock "0:00:37"]
[BlackClock "0:00:05"]

1. Nf3 d5 2. d4 Nf6 3. c4 e6 4. Nc3 c5 5. cxd5 Nxd5 6. e4 Nxc3 7. bxc3 cxd4 8. cxd4 Bb4+ 9. Bd2 Bxd2+ 10. Qxd2 O-O 11. Bc4 Nd7 12. O-O b6 13. Rfe1 Bb7 14. Bd3 h6 15. Rac1 Rc8 16. Qf4 Qf6 17. Qd6 Qd8 18. Rxc8 Qxc8 19. Qa3 a6 20. Nd2 b5 21. Rc1 Qb8 22. g3 Rc8 23. Rxc8+ Qxc8 24. Kf1 Nf6 25. Ke2 Qc7 26. f3 h5 27. e5 Nd5 28. Ne4 b4 29. Qb2 Nc3+ 30. Nxc3 bxc3 31. Qc2 Bd5 32. Bxa6 Qc6 33. Bd3 Bxf3+ 34. Ke3 Bd5 35. a4 Qc7 36. h4 Qa5 37. Be2 Qb4 38. Bxh5 Bb3 39. Qc1 c2 40. Be2 Qc3+ 41. Bd3 Bc4 42. Qxc2 Qxc2 43. Bxc2 f6 44. a5 fxe5 45. dxe5 Kf7 46. Kd4 Bd5 47. a6 Ke7 48. a7 Kd7 49. Be4 1-0


[Site "https://www.chess.com"]

[Event "Titled Tuesday Blitz April 05 Late 2022"]
[White "Constantinou, Peter"]
[Black "Fishbein, Alexander"]
[WhiteFideId "413038"]
[BlackFideId "2000377"]
[WhiteElo "2230"]
[BlackElo "2442"]
[Result "1/2-1/2"]
[Round "11"]
[TimeControl "180+1"]
[Date "2022.04.05"]
[WhiteClock "0:00:20"]
[BlackClock "0:00:09"]

1. d4 Nf6 2. c4 g6 3. Nc3 Bg7 4. e4 O-O 5. Be2 d6 6. Bg5 c6 7. Qd2 a6 8. Nf3 b5 9. e5 b4 10. exf6 bxc3 11. Qxc3 exf6 12. Be3 f5 13. O-O Re8 14. Qd2 Nd7 15. Bg5 Qb6 16. b3 Nf6 17. Bf4 Ne4 18. Qc2 Bxd4 19. Nxd4 Qxd4 20. Rad1 Qc3 21. Bd3 Qxc2 22. Bxc2 d5 23. cxd5 cxd5 24. Rxd5 Nc3 25. Re5 Ne2+ 26. Kh1 Bb7 27. Rxe8+ Rxe8 28. Bd2 Rc8 29. Bd3 Rd8 30. Re1 Rxd3 31. Rxe2 f6 32. f3 Kf7 33. Kg1 g5 34. Kf2 f4 35. Bb4 Kg6 36. Rd2 Rxd2+ 37. Bxd2 h5 38. Bc3 Kf5 39. Bb4 Bc6 40. Bc3 Bb5 41. a4 Bd3 42. b4 Bc2 43. b5 axb5 44. axb5 Ba4 45. b6 Bc6 46. Bd2 Ke6 47. g3 fxg3+ 48. hxg3 Kf5 49. f4 gxf4 50. gxf4 h4 51. Kg1 Kg4 52. Kh2 f5 53. Be1 h3 54. Bc3 Kxf4 55. Kxh3 Ke3 56. Be5 f4 57. Bd6 f3 58. Kg3 Ke2 59. Bc5 Bb7 60. Kf4 Bc6 61. Ke5 f2 62. Bxf2 Kxf2 63. Kd6 Bh1 64. b7 Bxb7 1/2-1/2


[Site "https://www.chess.com"]

[Event "Titled Tuesday Blitz April 05 Late 2022"]
[White "Czopor, Maciej"]
[Black "Khripachenko, Alexander"]
[WhiteFideId "21805431"]
[BlackFideId "54184975"]
[WhiteElo "1999"]
[BlackElo "2193"]
[Result "1/2-1/2"]
[Round "11"]
[TimeControl "180+1"]
[Date "2022.04.05"]
[WhiteClock "0:00:21"]
[BlackClock "0:01:23"]

1. Nf3 Nf6 2. g3 g6 3. Bg2 Bg7 4. O-O O-O 5. d3 d5 6. Nc3 c5 7. e4 Nc6 8. exd5 Nxd5 9. Bd2 Nc7 10. Re1 e5 11. Be3 Ne6 12. Nd2 Ned4 13. Nc4 Be6 14. Bxd4 cxd4 15. Ne4 Qd7 16. Nc5 Qe7 17. Nxe6 Qxe6 18. a4 Rac8 19. Qd2 Rfe8 20. Re2 Qd7 21. Rae1 f6 22. b4 Bf8 23. b5 Nb4 24. Rb1 Na2 25. Ree1 Nc3 26. Rb3 Nxa4 27. Qa5 Nc5 28. Rbb1 a6 29. bxa6 bxa6 30. Nb6 Qc7 31. Qa2+ Kg7 32. Nxc8 Rxc8 33. Qd5 Rd8 34. Qc4 Qa5 35. Ra1 Qd2 36. Red1 Qe2 37. Re1 Qd2 38. Red1 Qe2 39. Re1 Qd2 1/2-1/2


[Site "https://www.chess.com"]

[Event "Titled Tuesday Blitz April 05 Late 2022"]
[White "Derraugh, Geordie"]
[Black "Rudzinska, Michalina"]
[WhiteFideId "2603950"]
[BlackFideId "1172883"]
[WhiteElo "2416"]
[BlackElo "2294"]
[Result "1-0"]
[Round "11"]
[TimeControl "180+1"]
[Date "2022.04.06"]
[WhiteClock "0:02:25"]
[BlackClock "0:01:28"]

1. e4 c5 2. Nf3 e6 3. g3 Nc6 4. Bg2 d6 5. O-O Nf6 6. Qe2 Be7 7. Rd1 Nd4 8. Nxd4 cxd4 9. e5 dxe5 10. Qxe5 O-O 11. b3 Qb6 12. Bb2 Rd8 13. Na3 Bc5 14. Nc4 Qb5 15. a4 Qb4 16. Ba3 Nd7 17. Qc7 1-0


[Site "https://www.chess.com"]

[Event "Titled Tuesday Blitz April 05 Late 2022"]
[White "Diaz Perez, Michel Alejandro"]
[Black "Ambartsumova, Karina"]
[WhiteFideId "3517179"]
[BlackFideId "4166299"]
[WhiteElo "2313"]
[BlackElo "2262"]
[Result "1-0"]
[Round "11"]
[TimeControl "180+1"]
[Date "2022.04.05"]
[WhiteClock "0:00:12"]
[BlackClock "0:00:10"]

1. d4 Nf6 2. c4 e6 3. Nf3 d5 4. Nc3 Bb4 5. cxd5 exd5 6. Bg5 h6 7. Bh4 g5 8. Bg3 Ne4 9. Nd2 Nxg3 10. hxg3 Be6 11. Qb3 Nc6 12. e3 Rb8 13. Bb5 Be7 14. e4 Kf8 15. Bxc6 bxc6 16. Qc2 dxe4 17. Ndxe4 Qxd4 18. O-O h5 19. Rad1 Qe5 20. Rfe1 h4 21. b3 Qg7 22. Na4 Bd5 23. Nac3 Be6 24. Qd3 hxg3 25. Nxg3 Bd6 26. Nce4 Bf4 27. Nc5 Re8 28. Nxe6+ fxe6 29. Qd7 Re7 30. Qxc6 Kf7 31. Rd7 Qf6 32. Rxe7+ Qxe7 33. Ne4 Rd8 34. g3 Be5 35. Nc5 Bd6 36. Nxe6 Rg8 37. Qd5 Kg6 38. Nf4+ gxf4 39. Rxe7 1-0


[Site "https://www.chess.com"]

[Event "Titled Tuesday Blitz April 05 Late 2022"]
[White "Dobre, Claudiu-Cristian"]
[Black "Bas Mas, Jose Joaquin"]
[WhiteFideId "1211854"]
[BlackFideId "22219064"]
[WhiteElo "2476"]
[BlackElo "2330"]
[Result "1/2-1/2"]
[Round "11"]
[TimeControl "180+1"]
[Date "2022.04.06"]
[WhiteClock "0:00:32"]
[BlackClock "0:00:12"]

1. c4 e6 2. Nc3 Bb4 3. Qb3 Bxc3 4. Qxc3 Qf6 5. Nf3 b6 6. Nd4 Bb7 7. f3 Ne7 8. e4 Nec6 9. Nb5 Qxc3 10. dxc3 Na6 11. b4 O-O 12. Bf4 e5 13. Be3 d6 14. a4 Ne7 15. Bd3 f5 16. Bg5 Rfe8 17. Bxe7 Rxe7 18. exf5 e4 19. fxe4 Bxe4 20. Kd2 Bxd3 21. Kxd3 c6 22. Nd4 c5 23. Nc6 Rf7 24. Rae1 cxb4 25. cxb4 Kf8 26. g4 Rc8 27. b5 Nc5+ 28. Kd4 Nxa4 29. Re6 Rd7 30. Rhe1 Nc5 31. Re7 Rcc7 32. Re8+ Kf7 33. g5 h6 34. Nd8+ Rxd8 35. g6+ Kf6 36. Rxd8 Kxf5 37. Rxd6 Nb3+ 38. Kd3 Nc5+ 39. Kd2 Ne4+ 40. Rxe4 Kxe4 41. Kc3 Kf5 42. Kd4 h5 43. h4 Kg4 44. Rc6 Rd7+ 45. Ke5 Kxh4 46. Ke6 Rb7 47. Kf5 Kg3 48. Rd6 h4 49. Rd3+ Kg2 50. Kg4 Rc7 51. Rd2+ Kf1 52. Kxh4 Rxc4+ 53. Kh3 Rc3+ 54. Kh4 Rc4+ 55. Kh3 Rc3+ 56. Kh4 Rc4+ 1/2-1/2


[Site "https://www.chess.com"]

[Event "Titled Tuesday Blitz April 05 Late 2022"]
[White "Dreev, Aleksey"]
[Black "Bortnyk, Olexandr"]
[WhiteFideId "4100107"]
[BlackFideId "14120828"]
[WhiteElo "2625"]
[BlackElo "2723"]
[Result "0-1"]
[Round "11"]
[TimeControl "180+1"]
[Date "2022.04.05"]
[WhiteClock "0:00:06"]
[BlackClock "0:01:11"]

1. d4 d6 2. Nf3 Nf6 3. c4 g6 4. Nc3 Bf5 5. Qb3 Qc8 6. g3 Bg7 7. Bg2 Nc6 8. O-O O-O 9. d5 Na5 10. Qa4 b6 11. Nd4 Bh3 12. Rd1 Bxg2 13. Kxg2 Nd7 14. b3 Nc5 15. Qa3 e5 16. Nc2 a6 17. Ne3 Nab7 18. b4 Nd7 19. Qb3 a5 20. b5 f5 21. Qc2 Nbc5 22. Bb2 f4 23. Nf1 Nf6 24. f3 Qd7 25. Nd2 Rae8 26. Ba3 e4 27. Bxc5 exf3+ 28. exf3 bxc5 29. Re1 Re3 30. Rxe3 fxe3 31. Nf1 Ng4 32. Re1 Bd4 33. Ne4 Ne5 34. f4 Qg4 35. Qe2 Qxe2+ 36. Rxe2 Nxc4 37. Ng5 Rb8 38. a4 Nb6 39. Ne6 Nxd5 40. Kf3 Nc3 41. Re1 e2 42. Nd2 Nxa4 43. Rxe2 Nc3 44. Re1 Nxb5 45. Ne4 h6 46. g4 Kf7 47. f5 gxf5 48. gxf5 Be5 49. Rg1 Nd4+ 50. Nxd4 cxd4 51. Rc1 c5 52. Ra1 Rb3+ 53. Kg4 d3 54. Rxa5 Rb4 55. Ra7+ Ke8 56. Ra8+ Kd7 57. Kf3 Rxe4 58. Ra7+ Kc6 0-1


[Site "https://www.chess.com"]

[Event "Titled Tuesday Blitz April 05 Late 2022"]
[White "Estrada Nieto, Julian"]
[Black "Reprintsev, Alexander"]
[WhiteFideId "5101018"]
[BlackFideId "14100541"]
[WhiteElo "2384"]
[BlackElo "2561"]
[Result "1-0"]
[Round "11"]
[TimeControl "180+1"]
[Date "2022.04.06"]
[WhiteClock "0:01:03"]
[BlackClock "0:01:45"]

1. e4 d5 2. exd5 Qxd5 3. Nc3 Qa5 4. g3 h5 5. h3 e5 6. Bg2 Bb4 7. Nge2 Nc6 8. a3 Nd4 9. O-O Ne7 10. Rb1 Bd6 11. b4 Qb6 12. Nxd4 Qxd4 13. Nb5 Qb6 14. c4 a6 15. Nxd6+ cxd6 16. Bb2 Be6 17. c5 dxc5 18. Bxe5 c4 19. Bxg7 Rg8 20. Be5 Rd8 21. Qxh5 Rxd2 22. Rbe1 Nf5 23. Bf4 Nxg3 24. Bxg3 Rxg3 25. Rxe6+ Qxe6 26. fxg3 c3 27. Qh8+ Ke7 28. Qxc3 Qe2 29. Qf3 1-0


[Site "https://www.chess.com"]

[Event "Titled Tuesday Blitz April 05 Late 2022"]
[White "Ezat, Mohamed"]
[Black "Dimakiling, Oliver"]
[WhiteFideId "10600906"]
[BlackFideId "5202248"]
[WhiteElo "2386"]
[BlackElo "2426"]
[Result "1-0"]
[Round "11"]
[TimeControl "180+1"]
[Date "2022.04.05"]
[WhiteClock "0:00:13"]
[BlackClock "0:00:32"]

1. d4 Nf6 2. c4 d6 3. Nc3 Nbd7 4. Nf3 e5 5. Bg5 Be7 6. Qc2 O-O 7. e3 Re8 8. Bd3 h6 9. h4 c6 10. O-O-O Qc7 11. Kb1 Bf8 12. Rdg1 hxg5 13. hxg5 e4 14. Nxe4 Nxe4 15. Bxe4 Rxe4 16. Qxe4 g6 17. Qe8 b5 18. Rh8+ Kxh8 19. Qxf7 Nf6 20. Rh1+ Nh5 21. Qxc7 Bf5+ 22. Kc1 Kg8 23. Nh4 Rc8 24. Qxa7 Bd3 25. Qd7 Ra8 26. g4 Ng7 27. Ng2 bxc4 28. Nf4 Be4 29. f3 Rxa2 30. fxe4 Ra1+ 31. Kc2 Rxh1 32. Nxg6 Rf1 33. Nf4 d5 34. g6 Bb4 35. Qf7+ Kh8 36. exd5 Rf2+ 37. Kb1 cxd5 38. Qxd5 Bf8 39. Qd8 Kg8 40. Qd5+ Kh8 41. Qxc4 1-0


[Site "https://www.chess.com"]